 Dungeon Crawl Stone Soup version 0.20.0-10-g0535bb4 (webtiles) character file.

3833 Fenrir042 the Conjurer (level 10, -11/58 HPs)
             Began as a Gargoyle Wizard on June 7, 2017.
             Was an Initiate of Vehumet.
             Mangled by Gastronok (25 damage)
             ... on level 8 of the Dungeon.
             The game lasted 00:30:27 (9326 turns).

Fenrir042 the Conjurer (Gargoyle Wizard)            Turns: 9326, Time: 00:30:28

Health: -11/58     AC: 16    Str: 12    XL:     10   Next: 18%
Magic:  9/20       EV: 13    Int: 21    God:    Vehumet [......]
Gold:   217        SH:  0    Dex:  8    Spells: 13/22 levels left

rFire    . . .     SeeInvis .   I - +0 quarterstaff
rCold    . . .     Gourm    .   (shield currently unavailable)
rNeg     + . .     Faith    .   a - +0 robe
rPois    ∞         Spirit   .   b - +0 hat
rElec    +         Reflect  .   J - +0 cloak
rCorr    .         Harm     .   j - +0 pair of gloves
MR       .....                  t - +0 pair of boots
Stlth    ++........             (no amulet)
Regen    0.2/turn               p - +4 ring of protection
MPRegen  0.2/turn               o - ring of wizardry

@: slowed, very slow
A: negative energy resistance 1, electricity resistance, unbreathing,
petrification resistance, rot immunity, AC +7
a: Renounce Religion


You were on level 8 of the Dungeon.
You worshipped Vehumet.
Vehumet was noncommittal.
You were not hungry.

You visited 2 branches of the dungeon, and saw 9 of its levels.

You collected 217 gold pieces.

Inventory:

Hand Weapons
 x - a +0 flail
 C - a +0 quarterstaff
 I - a +0 quarterstaff (weapon)
 K - a +1 flail of crushing
Missiles
 s - 26 poisoned needles
 G - 5 needles of confusion
Armour
 a - a +0 robe (worn)
 b - a +0 hat (worn)
 j - a +0 pair of gloves (worn)
 t - a +0 pair of boots (worn)
 w - a +0 leather armour
 J - a +0 cloak (worn)
Jewellery
 o - a ring of wizardry (right hand)
 p - a +4 ring of protection (left hand)
 L - an uncursed ring of fire
Wands
 M - a wand of confusion (30/48)
Scrolls
 i - 6 scrolls of identify
 l - 4 scrolls of remove curse
 n - 4 scrolls of magic mapping {unknown}
 q - 3 scrolls of teleportation {unknown}
 r - a scroll of immolation {unknown}
 u - 2 scrolls of enchant weapon {unknown}
 v - 2 scrolls of silence {unknown}
 y - 2 scrolls of amnesia {unknown}
 A - a scroll of noise {unknown}
 E - 3 scrolls of recharging {unknown}
 H - a scroll of blinking {unknown}
 N - 2 scrolls of fear {unknown}
 O - a scroll of enchant armour {unknown}
Potions
 e - a potion of agility {unknown}
 g - a potion of berserk rage {unknown}
 h - 2 potions of curing {unknown}
 k - 2 potions of flight
 m - a potion of degeneration {unknown}
 z - 2 potions of ambrosia {unknown}
 B - 2 potions of lignification {unknown}
 D - a potion of brilliance {unknown}
 P - 2 potions of might {unknown}
Books
 c - a book of Minor Magic

   Spells                             Type                      Level
   a - Magic Dart                     Conjuration                  1
   b - Blink                          Translocation                2
   c - Call Imp                       Summoning                    2
   d - Slow                           Hexes                        2
   e - Conjure Flame                  Conjuration/Fire             3
   f - Mephitic Cloud                 Conjuration/Poison/Air       3
Comestibles
 d - 2 bread rations


   Skills:
 + Level 4.5 Fighting
 + Level 4.2 Staves
 + Level 4.1 Dodging
 - Level 2.1 Stealth
 + Level 6.8 Spellcasting
 - Level 7.2 Conjurations
   Level 0.8 Summonings
 - Level 0.8 Translocations
 * Level 5.2 Fire Magic
 + Level 3.6 Air Magic
 - Level 2.0 Poison Magic


You had 13 spell levels left.
You knew the following spells:

 Your Spells              Type           Power        Failure   Level  Hunger
a - Magic Dart            Conj           ####         1%          1    None
b - Blink                 Tloc           N/A          4%          2    None
c - Mephitic Cloud        Conj/Pois/Air  ####....     1%          3    #......
d - Conjure Flame         Conj/Fire      ####....     1%          3    #......


Dungeon Overview and Level Annotations

Branches:
Dungeon (8/15)             Temple (1/1) D:7
   Lair: D:8-11

Altars:
Cheibriados
Dithmenos
Elyvilon
Fedhas
Gozag
Hepliaklqana
Kikubaaqudgha
Makhleb
Nemelex Xobeh
Okawaru
Qazlal
Sif Muna
Trog
Uskayaw
Vehumet
Xom
Zin
The Shining One

Annotations:
D:8 Gastronok


Innate Abilities, Weirdness & Mutations

You are resistant to torment.
Your stone body is resilient. (AC +7)
You are immune to poison.
You resist negative energy. (rN+)
You are resistant to electric shocks. (rElec)
You can survive without breathing.
You are immune to petrification.
You are immune to rotting.


Message History

Gastronok is lightly wounded.
You hit Gastronok.
Gastronok is lightly wounded.
Gastronok waves his eye-stalks in wide circles.
The air twists around and strikes you!
Ouch! That really hurt!
You hit Gastronok but do no damage.
Gastronok is lightly wounded.
Gastronok bites you!
* * * LOW HITPOINT WARNING * * *
Casting: Magic Dart
Confirm with . or Enter, or press ? or * to list all spells.
Aiming: Mephitic Cloud
Press: ? - help, Shift-Dir - straight line, f/p - Gastronok
Aim: Gastronok, wearing a glowing hat (lightly wounded)
The ball explodes into a vile cloud!
The stinking cloud engulfs Gastronok.
Gastronok is lightly wounded.
The stinking cloud engulfs you!
Gastronok is engulfed in noxious fumes.
Gastronok bites you!!
You die...

#.#######.# .#
#.#.# #.# ...
#.#.# #.# ....
#.#.##### #.#
....##.#<....# #.#
#....#r#.###.###.#
#.....#......##.#
#...#########.#
#.......§w@.#
#############


You could see Gastronok.

Vanquished Creatures
  The ghost of oki the Martial Artist, a novice OpTm of Okawaru (D:7)
  Joseph (D:8)
  A hornet (D:8)
  2 hungry ghosts
  Edmund (D:6)
  2 orc warriors (D:7)
  3 sky beasts
  2 phantoms (D:6)
  2 ogres
  A centaur (D:6)
  A big kobold (D:8)
  3 bullfrogs
  3 scorpions
  8 killer bees (D:7)
  2 wights (D:6)
  A howler monkey (D:5)
  3 crimson imps
  2 hounds
  A centaur zombie (D:6)
  A jelly (D:5)
  A gnoll shaman (D:7)
  5 orc priests
  2 orc wizards
  Ijyb (D:4)
  An iguana (D:7)
  5 worker ants
  2 hound skeletons
  A howler monkey skeleton (D:8)
  5 gnolls (D:7)
  7 adders
  A shadow imp (D:6)
  2 oozes
  4 worms
  An adder skeleton (D:6)
  A dart slug (D:3)
  6 leopard geckos
  20 orcs
  2 ball pythons
  4 bats
  4 giant cockroaches
  8 goblins
  11 hobgoblins
  13 jackals
  A quokka (D:3)
  2 frilled lizards
  9 kobolds
  2 quokka skeletons (D:4)
  3 rats
165 creatures vanquished.

Notes
Turn   | Place    | Note
-------+----------+-------------------------------------------
     0 | D:1      | Fenrir042 the Gargoyle Wizard began the quest for the Orb.
     0 | D:1      | Reached XP level 1. HP: 10/10 MP: 4/4
   116 | D:1      | Reached XP level 2. HP: 12/15 MP: 3/6
   119 | D:1      | Reached skill level 2 in Conjurations
   418 | D:1      | Learned a level 2 spell: Blink
   705 | D:1      | You fall through a shaft!
   719 | D:2      | Reached XP level 3. HP: 19/19 MP: 5/7
   748 | D:2      | Learned a level 3 spell: Mephitic Cloud
  1217 | D:2      | Reached skill level 3 in Conjurations
  1627 | D:2      | Reached XP level 4. HP: 24/24 MP: 5/9
  2147 | D:3      | Reached skill level 4 in Conjurations
  2349 | D:3      | Found a stormy altar of Qazlal.
  2394 | D:3      | Reached XP level 5. HP: 28/28 MP: 6/10
  2470 | D:3      | Found a glowing silver altar of Zin.
  2564 | D:3      | Found a hazy altar of Hepliaklqana.
  2923 | D:4      | Noticed Ijyb
  3113 | D:4      | Found a hide-covered altar of Uskayaw.
  3211 | D:4      | Noticed a hungry ghost
  3245 | D:4      | Killed a hungry ghost
  3245 | D:4      | Reached skill level 5 in Conjurations
  3245 | D:4      | Reached XP level 6. HP: 7/32 MP: 9/12
  3547 | D:4      | Reached skill level 6 in Conjurations
  3703 | D:5      | Entered Level 5 of the Dungeon
  3898 | D:5      | Reached XP level 7. HP: 36/36 MP: 9/14
  4175 | D:5      | Reached skill level 5 in Spellcasting
  4244 | D:5      | Reached skill level 7 in Conjurations
  4710 | D:6      | Reached skill level 1 in Air Magic
  4823 | D:6      | Reached skill level 1 in Staves
  4823 | D:6      | Reached XP level 8. HP: 42/42 MP: 6/15
  4915 | D:6      | Reached skill level 1 in Fighting
  4915 | D:6      | Reached skill level 1 in Poison Magic
  5389 | D:6      | Noticed Edmund
  5425 | D:6      | Killed Edmund
  5588 | D:6      | Learned a level 3 spell: Conjure Flame
  5693 | D:6      | Reached skill level 1 in Fire Magic
  6057 | D:4      | Killed Ijyb
  6989 | D:7      | Noticed oki's ghost (novice OpTm)
  7009 | D:7      | Killed oki's ghost
  7009 | D:7      | Reached XP level 9. HP: 46/51 MP: 2/18
  7754 | D:7      | Found a staircase to the Ecumenical Temple.
  7815 | Temple   | Entered the Ecumenical Temple
  8002 | Temple   | Became a worshipper of Vehumet
  8868 | D:8      | Noticed a hornet
  8876 | D:8      | Reached XP level 10. HP: 56/56 MP: 13/20
  8903 | D:8      | Noticed Joseph
  8958 | D:8      | Killed Joseph
  8958 | D:8      | Reached skill level 5 in Fire Magic
  9294 | D:8      | Noticed Gastronok
  9326 | D:8      | Mangled by Gastronok

Skill      XL: |  1  2  3  4  5  6  7  8  9 10 |
---------------+-------------------------------+-----
Conjurations   | 2 3 4 5 6 7 |  7.2
Spellcasting   | 4 5 6 |  6.8
Air Magic      | 1 2 3 |  3.6
Staves         | 1 2 4 |  4.2
Dodging        | 2 3 4 |  4.1
Fighting       | 3 4 |  4.5
Poison Magic   | 2 |  2.0
Fire Magic     | 2 4 5 |  5.2
Stealth        | |  2.1
Summonings     | |  0.8
Translocations | |  0.8

Action                   |  1- 3 |  4- 6 |  7- 9 | 10-12 || total
-------------------------+-------+-------+-------+-------++-------
Melee: Dagger            |    57 |    32 |       |       ||    89
       Flail             |       |    21 |       |       ||    21
       Quarterstaff      |       |    39 |   225 |    34 ||   298
 Cast: Magic Dart        |    80 |    84 |   310 |    27 ||   501
       Mephitic Cloud    |     1 |     8 |    31 |     7 ||    47
       Blink             |       |       |    14 |       ||    14
  Use: Potion            |       |     1 |       |     2 ||     3
       Scroll            |       |       |     2 |       ||     2
 Stab: Confused          |       |     7 |     8 |     4 ||    19
       Sleeping          |       |       |     1 |       ||     1
  Eat: Chunk             |     2 |     5 |    10 |     2 ||    19
       Bread ration      |       |     1 |     1 |       ||     2
       Royal jelly       |       |     1 |     1 |       ||     2
       Meat ration       |       |     1 |     2 |       ||     3
Armor: Robe              |    21 |    46 |   129 |    17 ||   213
Dodge: Dodged            |    34 |    49 |   171 |    31 ||   285
